[Event "Titled Tuesday Blitz November 01 Early 2022"]
[White "Smietanska, Wiktoria"]
[Black "Devaev, Alexander"]
[WhiteFideId "21869359"]
[BlackFideId "4169395"]
[WhiteElo "1854"]
[BlackElo "2225"]
[Result "0-1"]
[Round "07"]
[TimeControl "180+1"]
[Date "2022.11.02"]
[WhiteClock "0:00:44"]
[BlackClock "0:02:17"]

1. c4 c5 2. Nf3 e6 3. Nc3 Nf6 4. d4 cxd4 5. Nxd4 Be7 6. g3 Nc6 7. Bg2 Ne5 8. b3 d6 9. O-O O-O 10. f4 Ng6 11. e4 a6 12. Bb2 Qc7 13. Qe2 Rb8 14. Rad1 Re8 15. h4 h6 16. h5 Nf8 17. g4 e5 18. Nf5 Bxf5 19. gxf5 N8d7 20. Bc1 b5 21. Nd5 Nxd5 22. c5 Qxc5+ 23. Kh1 Nxf4 24. Qg4 Nf6 0-1


[Site "https://www.chess.com"]

[Event "Titled Tuesday Blitz November 01 Early 2022"]
[White "Sokolovsky, Yahli"]
[Black "Gharibyan, Mamikon"]
[WhiteFideId "2820242"]
[BlackFideId "13308300"]
[WhiteElo "2316"]
[BlackElo "2378"]
[Result "0-1"]
[Round "07"]
[TimeControl "180+1"]
[Date "2022.11.01"]
[WhiteClock "0:00:05"]
[BlackClock "0:00:05"]

1. b3 g6 2. Bb2 Nf6 3. Nf3 Bg7 4. g3 O-O 5. Bg2 d5 6. d4 Ne4 7. O-O c5 8. e3 Nc6 9. Nbd2 Bg4 10. h3 Nxd2 11. Qxd2 Bxf3 12. Bxf3 cxd4 13. exd4 e6 14. Rfd1 Qf6 15. Bg2 Rfd8 16. Rac1 Rac8 17. c3 b5 18. Qe2 a6 19. Rd3 Qe7 20. h4 h5 21. Re1 b4 22. Qd2 bxc3 23. Bxc3 Qa3 24. Bb2 Qb4 25. Bc3 Qb6 26. b4 Rc7 27. Rb1 Rdc8 28. a4 Qb7 29. b5 axb5 30. axb5 Ne7 31. Bh3 Rc4 32. Qb2 Qb6 33. Qa3 Qb7 34. Kh2 Ra8 35. Qb3 Nc8 36. Bf1 Nd6 37. Rdd1 Rcc8 38. Bb4 Ne4 39. Qb2 Qb8 40. Bd3 Bf6 41. Kg2 Kg7 42. Re1 Nd6 43. Rec1 Nc4 44. Qc3 Qb7 45. Qe1 Kh7 46. Bc3 Qb6 47. Qe2 Kg7 48. Kg1 Bxd4 49. Be1 Nd6 50. Rd1 Bf6 51. Bc2 e5 52. Bb3 e4 53. Bxd5 Ra3 54. Bxe4 Nxe4 55. Qxe4 Ra2 56. Qf3 Rcc2 57. Bd2 Rxd2 58. Rxd2 Rxd2 59. Qf4 Rc2 60. Qf3 Bd4 61. Rf1 Qxb5 62. Qe4 Qc5 63. Kh1 Rxf2 64. Re1 Rc2 65. Rd1 Bf6 66. Rf1 Qc6 67. Qxc6 Rxc6 68. Rf3 Rc3 69. Rf4 Be5 70. Kh2 Bxf4 71. gxf4 Kf6 0-1


[Site "https://www.chess.com"]

[Event "Titled Tuesday Blitz November 01 Early 2022"]
[White "Sourath Biswas"]
[Black "Stribuk, Artiom"]
[WhiteFideId "35091484"]
[BlackFideId "13515659"]
[WhiteElo "2164"]
[BlackElo "2279"]
[Result "0-1"]
[Round "07"]
[TimeControl "180+1"]
[Date "2022.11.02"]
[WhiteClock "0:01:37"]
[BlackClock "0:00:17"]

1. d4 Nf6 2. Bf4 g6 3. Nc3 d5 4. e3 Bg7 5. h4 c5 6. Nb5 Na6 7. c3 h5 8. Nf3 O-O 9. Be2 Bg4 10. Ne5 cxd4 11. exd4 Qc8 12. Nxg4 Nxg4 13. O-O Qf5 14. Bg3 Rfc8 15. a4 Rc6 16. Re1 Bf6 17. Bd3 Qd7 18. Qf3 Kg7 19. Re2 Nb8 20. Nxa7 Rxa7 21. Bxb8 Ra8 22. Bg3 Rb6 23. Bb5 Rxb5 24. axb5 Rxa1+ 0-1


[Site "https://www.chess.com"]

[Event "Titled Tuesday Blitz November 01 Early 2022"]
[White "Srebrnic, Marko"]
[Black "Parkhov, Yair"]
[WhiteFideId "14603616"]
[BlackFideId "2813408"]
[WhiteElo "2340"]
[BlackElo "2384"]
[Result "1-0"]
[Round "07"]
[TimeControl "180+1"]
[Date "2022.11.02"]
[WhiteClock "0:00:09"]
[BlackClock "0:00:14"]

1. e4 e5 2. Nc3 Nf6 3. Bc4 c6 4. d4 Bb4 5. dxe5 Nxe4 6. Qd4 Nxc3 7. bxc3 Be7 8. Bf4 O-O 9. Ne2 b5 10. Bd3 Na6 11. O-O Nc5 12. Bg3 Ne6 13. Qe4 Ng5 14. Qe3 Qb6 15. Nd4 Ne6 16. Qe4 g6 17. h4 Bb7 18. Nf5 Rfe8 19. Nh6+ Kg7 20. Ng4 c5 21. Qe3 Qc6 22. Qh6+ Kh8 23. f3 c4 24. Be4 Qb6+ 25. Bf2 Qc7 26. Bxb7 Qxb7 27. Bd4 Qc6 28. Rad1 Bf8 29. Qe3 Bg7 30. f4 h5 31. Nh2 d5 32. f5 Nf8 33. f6 Bxf6 34. Rxf6 Qxf6 35. exf6 Rxe3 36. Bxe3 Rd8 37. Bd4 Ne6 38. Nf3 Nf4 39. Re1 Ne6 40. Ng5 Nxg5 41. hxg5 Kg8 42. Re7 a6 43. Ra7 Rd6 44. Bc5 Re6 45. Bd4 Re2 46. Ra8+ Kh7 47. Rf8 Rxc2 48. Rxf7+ Kg8 49. Rg7+ Kf8 50. Rc7 Rc1+ 51. Kh2 Rf1 52. Bc5+ Kg8 53. Bd4 Rf4 54. Rg7+ Kf8 55. Rxg6 Kf7 56. Rg7+ Ke6 57. Re7+ Kf5 58. f7 Kg6 59. Re6+ Kxf7 60. Rf6+ Rxf6 61. gxf6 a5 62. a3 Ke6 63. Kh3 b4 64. cxb4 c3 65. Bxc3 d4 66. Bxd4 axb4 67. axb4 Kd5 68. f7 Ke6 69. f8=Q Kd7 70. Qf6 h4 71. Bc5 Kc8 72. Qe7 Kb8 73. Bb6 Ka8 74. Qa7# 1-0


[Site "https://www.chess.com"]

[Event "Titled Tuesday Blitz November 01 Early 2022"]
[White "Storey, Charles H"]
[Black "Vakhania, Alexandra"]
[WhiteFideId "406686"]
[BlackFideId "13602560"]
[WhiteElo "2252"]
[BlackElo "2053"]
[Result "1-0"]
[Round "07"]
[TimeControl "180+1"]
[Date "2022.11.02"]
[WhiteClock "0:01:10"]
[BlackClock "0:00:49"]

1. e4 c6 2. Nc3 d5 3. Nf3 g6 4. d4 Bg7 5. e5 Nh6 6. h3 O-O 7. Be2 f6 8. exf6 exf6 9. Bf4 Nf7 10. Qd2 Nd6 11. Bh6 Ne4 12. Nxe4 dxe4 13. Bc4+ Kh8 14. Bxg7+ Kxg7 15. Nh2 f5 16. O-O-O Nd7 17. f3 Nb6 18. Bb3 Nd5 19. fxe4 fxe4 20. Ng4 a5 21. Qh6+ Kh8 22. Ne5 Rf6 23. Rhf1 Be6 24. g4 a4 25. Bxd5 Bxd5 26. g5 Rxf1 27. Nxg6+ Kg8 28. Rxf1 hxg6 29. Qxg6+ Kh8 30. Rf4 1-0


[Site "https://www.chess.com"]

[Event "Titled Tuesday Blitz November 01 Early 2022"]
[White "Stoyanov, Tsvetan"]
[Black "Lazavik, Denis"]
[WhiteFideId "2917173"]
[BlackFideId "13515110"]
[WhiteElo "2349"]
[BlackElo "2437"]
[Result "0-1"]
[Round "07"]
[TimeControl "180+1"]
[Date "2022.11.01"]
[WhiteClock "0:00:03"]
[BlackClock "0:01:23"]

1. c4 e5 2. Nc3 Nf6 3. Nf3 Nc6 4. e4 Bb4 5. d3 d6 6. h3 O-O 7. Be2 h6 8. O-O Ne7 9. Be3 Ng6 10. a3 Bxc3 11. bxc3 Nh7 12. d4 Qe7 13. Bd3 b6 14. Nd2 f5 15. exf5 Bxf5 16. Bxf5 Rxf5 17. Qg4 Qf7 18. c5 bxc5 19. dxc5 d5 20. Rab1 h5 21. Qe2 c6 22. Qa6 Qe6 23. Rb7 Nh4 24. Rfb1 Raf8 25. Rxa7 Qg6 26. g3 Nf3+ 27. Nxf3 Rxf3 28. Rbb7 Rxg3+ 29. Kf1 Qe4 30. Ke2 Rxf2+ 31. Kxf2 Qxe3+ 0-1


[Site "https://www.chess.com"]

[Event "Titled Tuesday Blitz November 01 Early 2022"]
[White "Szente Varga, Fruzsina"]
[Black "Baches Garcia, Guillermo"]
[WhiteFideId "712264"]
[BlackFideId "2209764"]
[WhiteElo "1994"]
[BlackElo "2435"]
[Result "1-0"]
[Round "07"]
[TimeControl "180+1"]
[Date "2022.11.02"]
[WhiteClock "0:00:04"]
[BlackClock "0:00:04"]

1. e4 c5 2. Nf3 Nc6 3. Bb5 g6 4. O-O Bg7 5. c3 e5 6. d4 exd4 7. Bg5 Nge7 8. cxd4 cxd4 9. Na3 a6 10. Bc4 h6 11. Bh4 O-O 12. Nc2 g5 13. Bg3 b5 14. Bb3 Qb6 15. Qd3 Bb7 16. Bd6 Rfe8 17. Rad1 Ng6 18. Rfe1 Nce5 19. Nxe5 Nxe5 20. Bxe5 Bxe5 21. Qf3 Qf6 22. Qg4 d6 23. Rd3 Qf4 24. Qxf4 gxf4 25. Nxd4 Bxd4 26. Rxd4 Re5 27. f3 d5 28. Bxd5 Bxd5 29. Rxd5 Re7 30. Rf5 Rc8 31. Re2 Rc1+ 32. Kf2 Rd7 33. Rxf4 Rdd1 34. Rg4+ Kf8 35. e5 Ke7 36. Rge4 Ra1 37. a3 Rab1 38. f4 Rd3 39. g4 Rb3 40. Rb4 Rd3 41. a4 Rh1 42. Kg2 Rhd1 43. axb5 axb5 44. Rxb5 Rd4 45. Rf2 R1d3 46. f5 Rxg4+ 47. Kf1 Re4 48. Rb7+ Ke8 49. Re2 Rf4+ 50. Rf2 Re4 51. Rb6 Rxe5 52. Rxh6 Rd1+ 53. Kg2 Rd4 54. Rh8+ Ke7 55. f6+ Kd7 56. Rf8 Ke6 57. Re8+ Kd6 58. Rxe5 Kxe5 59. Kg3 Rb4 60. h4 Rb3+ 61. Kg4 Rb4+ 62. Kg5 Rb8 63. h5 Rg8+ 64. Kh6 Ke6 65. Kh7 Rg3 66. h6 Rg6 67. b4 Rg5 68. b5 Rxb5 69. Kg7 Rg5+ 70. Kf8 Rh5 71. Kg7 Rg5+ 72. Kh7 Rg6 73. Rf3 Ke5 74. Rf1 Ke6 75. Rf2 Ke5 76. Kh8 Rxh6+ 77. Kg7 Rh3 78. Kxf7 Ra3 79. Kg7 Ra7+ 80. f7 1-0


[Site "https://www.chess.com"]

[Event "Titled Tuesday Blitz November 01 Early 2022"]
[White "Terry, Renato"]
[Black "Pultinevicius, Paulius"]
[WhiteFideId "3803457"]
[BlackFideId "12809390"]
[WhiteElo "2577"]
[BlackElo "2500"]
[Result "1-0"]
[Round "07"]
[TimeControl "180+1"]
[Date "2022.11.01"]
[WhiteClock "0:00:09"]
[BlackClock "0:00:02"]

1. d4 Nf6 2. Bg5 d5 3. Bxf6 exf6 4. e3 Be6 5. Nd2 Bd6 6. c4 O-O 7. Qb3 dxc4 8. Bxc4 Bc8 9. Ngf3 Nc6 10. Qc2 Nb4 11. Qb3 Nc6 12. Qb5 Bd7 13. Qh5 g6 14. Qh6 Ne7 15. e4 b5 16. Bb3 c5 17. dxc5 Bxc5 18. O-O Qb6 19. Rad1 Rad8 20. Bd5 Nxd5 21. exd5 Bf5 22. Nb3 Bd6 23. Nfd4 Be4 24. Nc6 Rd7 25. Nba5 Re8 26. Qh4 g5 27. Qh5 Bg6 28. Qg4 Qc7 29. Rfe1 Rxe1+ 30. Rxe1 Bf8 31. Qd4 Qd6 32. Rd1 a6 33. b4 h5 34. Nb3 h4 35. Nc5 Rc7 36. Nxa6 Rc8 37. Nc5 Ra8 38. Rd2 Ra3 39. h3 f5 40. Qe5 Ra8 41. Re2 Qxe5 42. Nxe5 Bh5 43. Rd2 Rd8 44. Nc6 Rd6 45. Na7 Rd7 46. Nxb5 g4 47. Kh2 g3+ 48. fxg3 Rb7 49. a4 Bh6 50. Rd4 hxg3+ 51. Kxg3 f4+ 52. Rxf4 Be2 53. Nc3 Bxf4+ 54. Kxf4 Bc4 55. b5 Rc7 56. Na6 Rc8 57. Ke5 Bb3 58. Kd4 Rc4+ 59. Kd3 Rc8 60. Kd4 Kf8 61. Nc5 Bc2 62. b6 Ra8 63. b7 Rd8 64. b8=Q Rxb8 65. Nd7+ Ke7 66. Nxb8 Kd6 67. Nb5+ Ke7 68. a5 Ba4 69. Nc6+ Kd7 70. Kc5 Kc8 71. a6 Bb3 72. Nd6+ Kc7 73. a7 Bxd5 74. a8=Q f5 75. Qc8# 1-0


[Site "https://www.chess.com"]

[Event "Titled Tuesday Blitz November 01 Early 2022"]
[White "Timofeev, Artyom"]
[Black "Mladenovic, Stefan"]
[WhiteFideId "4140419"]
[BlackFideId "942227"]
[WhiteElo "2579"]
[BlackElo "2337"]
[Result "0-1"]
[Round "07"]
[TimeControl "180+1"]
[Date "2022.11.02"]
[WhiteClock "0:00:32"]
[BlackClock "0:00:31"]

1. d4 Nf6 2. Bf4 e6 3. e3 c5 4. Nc3 cxd4 5. exd4 b6 6. Nf3 Bb7 7. Bd3 d6 8. O-O Be7 9. Re1 O-O 10. Qe2 a6 11. h3 Nbd7 12. Bh2 Re8 13. Nd1 Nf8 14. Ne3 Ng6 15. a4 Nh5 16. Bxg6 hxg6 17. c4 Bf8 18. b4 Qf6 19. Ng4 Qf5 20. Ra3 Nf4 21. Bxf4 Qxf4 22. Re3 Rec8 23. Qd3 Qf5 24. Qb3 Rc7 25. Rd3 Rac8 26. Ne3 Qh5 27. Nd2 b5 28. axb5 axb5 29. c5 Be7 30. Ng4 Bd5 31. Qb2 Qg5 32. Nf1 Ra7 33. Ra3 Rxa3 34. Qxa3 Ra8 35. Qd3 Bc4 36. Qg3 f5 37. cxd6 Bf8 38. Nge3 Qxg3 39. Nxg3 Bb3 40. Ne2 Bxd6 41. Rb1 Ba2 42. Rb2 Bc4 43. Nxc4 bxc4 44. b5 Ra1+ 0-1


[Site "https://www.chess.com"]

[Event "Titled Tuesday Blitz November 01 Early 2022"]
[White "Tokhirjonova, Gulrukhbegim"]
[Black "Costachi, Mihnea"]
[WhiteFideId "14203626"]
[BlackFideId "1217518"]
[WhiteElo "2236"]
[BlackElo "2437"]
[Result "1-0"]
[Round "07"]
[TimeControl "180+1"]
[Date "2022.11.02"]
[WhiteClock "0:00:34"]
[BlackClock "0:00:06"]

1. e4 e5 2. Nf3 Nc6 3. d4 exd4 4. Nxd4 Bc5 5. Nb3 Bb6 6. Qe2 d6 7. Nc3 Nf6 8. Bg5 h6 9. Bh4 Nd4 10. Nxd4 Bxd4 11. Qd3 Be5 12. O-O-O g5 13. Bg3 Qe7 14. f3 Be6 15. Bxe5 dxe5 16. Qb5+ c6 17. Qxe5 O-O 18. h4 g4 19. f4 Rae8 20. Bd3 Bc8 21. Qd4 c5 22. Qf2 c4 23. Bxc4 Nxe4 24. Nxe4 Qxe4 25. b3 Be6 26. Rhe1 Qf5 27. Re5 Qf6 28. Bd3 Bd7 29. Rde1 Bc6 30. g3 Rxe5 31. Rxe5 Re8 32. Qd4 Rxe5 33. fxe5 Qf3 34. Kb2 a6 35. a4 h5 36. a5 Bd5 37. Qc5 Bc6 38. Qd6 Qxg3 39. Qd8+ Kg7 40. Qg5+ Kf8 41. Qd8+ Kg7 42. Qf6+ Kg8 43. Bc4 Be8 44. e6 fxe6 45. Bxe6+ Kh7 46. Qe7+ Kg6 47. Qxe8+ Kf6 48. Qf7+ Ke5 49. Qc7+ Kxe6 50. Qxg3 1-0


[Site "https://www.chess.com"]

[Event "Titled Tuesday Blitz November 01 Early 2022"]
[White "Tomaszewski, Kacper"]
[Black "Bongo Akanga Ndjila, Barthelemy"]
[WhiteFideId "1127373"]
[BlackFideId "10609431"]
[WhiteElo "2211"]
[BlackElo "1768"]
[Result "1-0"]
[Round "07"]
[TimeControl "180+1"]
[Date "2022.11.02"]
[WhiteClock "0:01:00"]
[BlackClock "0:00:01"]

1. e4 c6 2. Nf3 d5 3. exd5 cxd5 4. d4 Nf6 5. c3 Nc6 6. Bf4 Bf5 7. Qb3 Qd7 8. Ne5 Nxe5 9. dxe5 Nh5 10. Bb5 Nxf4 11. Bxd7+ Bxd7 12. e6 fxe6 13. Qxb7 Rc8 14. O-O g6 15. Na3 Bg7 16. Nb5 Kd8 17. Nxa7 Rc7 18. Qb8+ Bc8 19. Nxc8 Rxc8 20. Qxf4 Rf8 21. Qe3 e5 22. Rad1 d4 23. cxd4 exd4 24. Rxd4+ Bxd4 25. Qxd4+ Ke8 26. b4 Rd8 27. Qe4 Rf5 28. a4 Rdd5 29. b5 Kf7 30. b6 Rd8 31. b7 Rb8 32. Qc4+ Kg7 33. Qc7 Rff8 34. Qxe7+ Kh6 35. a5 Rfe8 36. Qh4+ Kg7 37. a6 Re6 38. a7 Rxb7 39. a8=Q Rf7 40. Qd4+ Kh6 41. Qaa1 Rf5 42. Qg7+ Kg5 43. f4+ Rxf4 44. Rxf4 1-0


[Site "https://www.chess.com"]

[Event "Titled Tuesday Blitz November 01 Early 2022"]
[White "Toshali, V"]
[Black "Barbashin, Igor"]
[WhiteFideId "5072611"]
[BlackFideId "4155718"]
[WhiteElo "1973"]
[BlackElo "2138"]
[Result "1-0"]
[Round "07"]
[TimeControl "180+1"]
[Date "2022.11.02"]
[WhiteClock "0:02:17"]
[BlackClock "0:01:04"]

1. d4 g5 2. Bxg5 Bg7 3. e3 c5 4. c3 cxd4 5. exd4 Nc6 6. Nf3 Qb6 7. Qb3 Qxb3 8. axb3 d6 9. Nbd2 Bd7 10. Bc4 a6 11. b4 Rc8 12. Bb3 h6 13. Bf4 Nf6 14. O-O Nh5 15. Be3 e5 16. dxe5 dxe5 17. Ne4 O-O 18. Nc5 Rc7 19. Rfd1 Bc8 20. Rd6 Kh7 21. Rad1 Bf5 22. Nh4 Bc8 23. Bc2+ f5 24. g4 e4 25. gxf5 Ne7 26. Bxe4 Nxf5 27. R6d5 Nf6 28. Nxf5 1-0


[Site "https://www.chess.com"]

[Event "Titled Tuesday Blitz November 01 Early 2022"]
[White "Troltenier, Dirk"]
[Black "Yeritsyan, Hayk"]
[WhiteFideId "4606400"]
[BlackFideId "13307320"]
[WhiteElo "2327"]
[BlackElo "2390"]
[Result "1/2-1/2"]
[Round "07"]
[TimeControl "180+1"]
[Date "2022.11.02"]
[WhiteClock "0:00:06"]
[BlackClock "0:00:03"]

1. e4 c6 2. d4 d5 3. exd5 cxd5 4. c4 Nf6 5. Nc3 Nc6 6. Bg5 e6 7. Nf3 dxc4 8. Bxc4 Be7 9. O-O O-O 10. Re1 Nb4 11. Ne5 Nbd5 12. Qd3 a6 13. Bb3 Nxc3 14. bxc3 Bd7 15. Rad1 Rc8 16. c4 Bc6 17. Bc2 g6 18. Bb3 Nd7 19. Nxc6 bxc6 20. Bh6 Re8 21. d5 cxd5 22. cxd5 Nc5 23. Qd4 Bf6 24. Qf4 Nxb3 25. axb3 e5 26. Qf3 Qd6 27. h3 Bg7 28. Bxg7 Kxg7 29. Re3 f6 30. Rc3 Red8 31. Rdc1 Rxc3 32. Qxc3 Qxd5 33. Qc7+ Rd7 34. Qc8 Qe6 35. Qb8 Qd6 36. Qa8 Qe6 37. Rc8 Qd6 38. Rg8+ Kh6 39. Qf3 Qd1+ 40. Kh2 Qxf3 41. gxf3 Rd3 42. Kg2 Rxb3 43. Rf8 Kg7 44. Ra8 Ra3 45. Ra7+ Kh6 46. Rf7 f5 47. Re7 Ra5 48. h4 Ra4 49. Rxe5 Rxh4 50. Ra5 Rb4 51. Rxa6 Kg5 52. Ra5 h5 53. Kg3 h4+ 54. Kg2 Rf4 55. Ra6 h3+ 56. Kxh3 Rxf3+ 57. Kg2 Rb3 58. f3 Rb4 59. Kg3 f4+ 60. Kh3 Rb2 61. Ra5+ Kh6 62. Kg4 Rb4 63. Ra6 Rc4 64. Rf6 Rb4 65. Rxf4 Rxf4+ 66. Kxf4 Kh5 67. Ke5 Kh4 68. Kf4 Kh3 69. Kg5 Kg3 70. f4 Kf3 71. f5 gxf5 72. Kxf5 1/2-1/2


[Site "https://www.chess.com"]

[Event "Titled Tuesday Blitz November 01 Early 2022"]
[White "Unat, Can Haktan"]
[Black "Johnson, Ben"]
[WhiteFideId "6398073"]
[BlackFideId "2010917"]
[WhiteElo "2146"]
[BlackElo "2130"]
[Result "1-0"]
[Round "07"]
[TimeControl "180+1"]
[Date "2022.11.02"]
[WhiteClock "0:01:13"]
[BlackClock "0:00:03"]

1. d4 Nf6 2. c4 e6 3. Nc3 Bb4 4. Bg5 c5 5. Nf3 h6 6. Bxf6 Qxf6 7. a3 Bxc3+ 8. bxc3 d5 9. e3 O-O 10. Be2 dxc4 11. Bxc4 Nc6 12. O-O b6 13. Qe2 Bb7 14. Rad1 Na5 15. Bd3 Rac8 16. Ne5 Rfd8 17. f4 Bd5 18. f5 Rc7 19. Qg4 Nc6 20. c4 Nxe5 21. dxe5 Qxe5 22. cxd5 Qxe3+ 23. Kh1 Rxd5 24. Bc4 Rxd1 25. Qxd1 Qd4 26. Qe2 e5 27. f6 g6 28. Rd1 Qf4 29. g3 Qxf6 30. Rf1 Qc6+ 31. Kg1 Kg7 32. Qxe5+ Kg8 33. Bd5 Qd7 34. Rf6 Qd8 35. Rxg6+ Kh7 36. Qg7# 1-0


[Site "https://www.chess.com"]

[Event "Titled Tuesday Blitz November 01 Early 2022"]
[White "Vargas, Mauricio"]
[Black "Mesa Cruz, Juan Carlos"]
[WhiteFideId "4404572"]
[BlackFideId "6423400"]
[WhiteElo "2025"]
[BlackElo "2059"]
[Result "0-1"]
[Round "07"]
[TimeControl "180+1"]
[Date "2022.11.02"]
[WhiteClock "0:00:03"]
[BlackClock "0:00:41"]

1. e4 c5 2. Nc3 Nc6 3. f4 e6 4. Nf3 d5 5. Bb5 d4 6. Ne2 Qb6 7. Bxc6+ Qxc6 8. d3 Bd6 9. O-O Ne7 10. Qe1 b5 11. Qf2 Bb7 12. Ne5 Qc7 13. Ng3 c4 14. Kh1 Rc8 15. Nh5 O-O 16. Qg3 Ng6 17. Nxg6 fxg6 18. e5 Bc5 19. Qg4 gxh5 20. Qxe6+ Kh8 21. Qh3 Qxe5 22. Bd2 Qe2 23. Rad1 Rce8 24. f5 Qg4 25. Qxg4 hxg4 26. Rf4 Re2 27. Rxg4 Rxf5 28. h3 Bd6 29. dxc4 Rxd2 30. Re1 Re2 31. Rg1 Re3 32. Rxd4 Rxh3# 0-1


[Site "https://www.chess.com"]

[Event "Titled Tuesday Blitz November 01 Early 2022"]
[White "Vlassov, Nikolai"]
[Black "Ibadov, Dashgyn"]
[WhiteFideId "4103360"]
[BlackFideId "24107514"]
[WhiteElo "2324"]
[BlackElo "2208"]
[Result "0-1"]
[Round "07"]
[TimeControl "180+1"]
[Date "2022.11.02"]
[WhiteClock "0:01:52"]
[BlackClock "0:01:26"]

1. e4 e6 2. c4 d5 3. cxd5 exd5 4. Qb3 Nf6 5. e5 Ne4 6. d4 Nc6 7. Bb5 Bb4+ 8. Nc3 Bxc3+ 9. bxc3 O-O 10. Ne2 f6 11. f3 fxe5 12. fxe4 Qh4+ 13. Ng3 exd4 14. Qxd5+ Kh8 15. Bxc6 bxc6 16. Qxd4 Ba6 17. c4 Rad8 18. Qc3 c5 19. Bb2 Rd4 20. Rd1 Rxe4+ 21. Kd2 Qf4+ 22. Kc2 Rxc4 23. Rhf1 Rxc3+ 24. Bxc3 Bxf1 25. Rxf1 Qa4+ 26. Kb2 Rxf1 27. Nxf1 Qb5+ 0-1


[Site "https://www.chess.com"]

[Event "Titled Tuesday Blitz November 01 Early 2022"]
[White "Vovk, Orest"]
[Black "Ozdemir, Serhan Berat"]
[WhiteFideId "14113490"]
[BlackFideId "6374611"]
[WhiteElo "2215"]
[BlackElo "2016"]
[Result "0-1"]
[Round "07"]
[TimeControl "180+1"]
[Date "2022.11.02"]
[WhiteClock "0:01:12"]
[BlackClock "0:00:32"]

1. h4 h5 2. Nf3 Nf6 3. Ng5 d5 4. e4 dxe4 5. Qe2 Nc6 6. Nxe4 Nxe4 7. Qxe4 Qd4 8. Qxd4 Nxd4 9. Bd3 Bf5 10. Bxf5 Nxf5 11. d3 e6 12. Be3 Be7 13. g3 Nxe3 14. fxe3 Bd6 15. O-O Bxg3 16. Nc3 Bxh4 17. Nb5 Bd8 18. Rf4 a6 19. Nc3 g5 20. Rb4 b5 21. a4 c5 22. Re4 b4 23. Ne2 f5 24. Rxe6+ Kd7 25. Re5 Be7 26. Rxf5 Raf8 27. Raf1 Rxf5 28. Rxf5 Rf8 29. Rd5+ Ke6 30. e4 h4 31. d4 Rd8 32. Rxd8 Bxd8 33. c3 Bb6 34. Kg2 cxd4 35. cxd4 g4 36. Nf4+ Kd6 37. e5+ Kd7 38. d5 Bd4 39. Ng6 Bxb2 40. Nxh4 Bxe5 41. Ng6 Kd6 0-1


[Site "https://www.chess.com"]

[Event "Titled Tuesday Blitz November 01 Early 2022"]
[White "Vrbljanac, Aleksandar"]
[Black "Zemlyanskii, Ivan"]
[WhiteFideId "932817"]
[BlackFideId "24249971"]
[WhiteElo "2309"]
[BlackElo "2107"]
[Result "0-1"]
[Round "07"]
[TimeControl "180+1"]
[Date "2022.11.01"]
[WhiteClock "0:00:09"]
[BlackClock "0:01:02"]

1. e4 c5 2. Nf3 e6 3. g3 Nc6 4. Bg2 Nf6 5. Qe2 d5 6. exd5 Nxd5 7. O-O Be7 8. Rd1 Qb6 9. d3 O-O 10. Nbd2 Rd8 11. Nc4 Qc7 12. Bd2 Bf6 13. c3 b6 14. Ne3 Bb7 15. Ng4 Be7 16. c4 Nf6 17. Bf4 Qc8 18. Nge5 h6 19. Re1 Bd6 20. Bh3 Nxe5 21. Nxe5 Bxe5 22. Bxe5 Qc6 23. f3 Qxf3 24. Qxf3 Bxf3 25. Re3 Ng4 26. Bxg4 Bxg4 27. Bc3 Bf5 28. Rd1 Rd7 29. Rd2 Rad8 30. b3 Bxd3 31. Kf2 Bf5 32. Ree2 Rd3 33. Rxd3 Rxd3 34. Bb2 f6 35. Bc1 e5 36. Rd2 Rxd2+ 37. Bxd2 Bb1 38. a3 Ba2 39. b4 cxb4 40. axb4 Bxc4 41. Be3 a5 42. bxa5 bxa5 43. Bc5 a4 44. Ba3 Kf7 45. Ke3 g5 46. h4 gxh4 47. gxh4 h5 48. Bb2 Ke6 49. Kf3 f5 50. Ke3 Bd5 51. Kd3 f4 52. Ke2 Kf5 53. Kf2 e4 54. Ke2 Bc4+ 55. Kf2 e3+ 56. Ke1 Bd5 57. Ba3 Ke4 58. Be7 f3 59. Kf1 Bc4+ 60. Kg1 f2+ 61. Kh2 f1=Q 0-1


[Site "https://www.chess.com"]

[Event "Titled Tuesday Blitz November 01 Early 2022"]
[White "Warchol, Kamil"]
[Black "Sanchez, Robert"]
[WhiteFideId "21858241"]
[BlackFideId "2034360"]
[WhiteElo "2001"]
[BlackElo "2399"]
[Result "0-1"]
[Round "07"]
[TimeControl "180+1"]
[Date "2022.11.02"]
[WhiteClock "0:00:01"]
[BlackClock "0:00:21"]

1. e4 e6 2. d4 d5 3. Nc3 Nf6 4. Bg5 Be7 5. e5 Nfd7 6. h4 h6 7. Bxe7 Qxe7 8. Nf3 a6 9. Ne2 Qb4+ 10. c3 Qxb2 11. Rh3 c5 12. Rg3 g6 13. Rc1 Nc6 14. Rc2 Qb6 15. Nf4 cxd4 16. cxd4 Qa5+ 17. Rd2 Nb6 18. Qb1 Bd7 19. Bd3 O-O-O 20. Kf1 g5 21. Nh5 Kb8 22. Rb2 Ka7 23. Nf6 Bc8 24. Kg1 Nc4 25. Rb3 gxh4 26. Rg7 Rhf8 27. Nh7 h3 28. Nxf8 Rxf8 29. g3 h5 30. Kh2 Nd2 31. Nxd2 Qxd2 32. Qb2 Qxb2 33. Rxb2 Nxd4 34. Kxh3 Nf3 35. Be2 Nxe5 36. Bxh5 Nc4 37. Rc2 e5+ 38. Kg2 f5 39. Be2 Be6 40. Bxc4 dxc4 0-1


[Site "https://www.chess.com"]

[Event "Titled Tuesday Blitz November 01 Early 2022"]
[White "Wessendorf, Thomas, Dr."]
[Black "Sipahioglu, Irmak"]
[WhiteFideId "4604270"]
[BlackFideId "6307205"]
[WhiteElo "2280"]
[BlackElo "2099"]
[Result "1-0"]
[Round "07"]
[TimeControl "180+1"]
[Date "2022.11.02"]
[WhiteClock "0:01:20"]
[BlackClock "0:02:18"]

1. e4 e6 2. d4 d5 3. Nd2 Nf6 4. e5 Nfd7 5. Bd3 c5 6. c3 Nc6 7. Ne2 cxd4 8. cxd4 f6 9. exf6 Qxf6 10. Nf3 h6 11. O-O Bd6 12. Be3 O-O 13. Rc1 Rd8 14. Bb5 Ne7 15. Qd2 Nf8 16. Bf4 Bxf4 17. Qxf4 Bd7 18. Bd3 Be8 19. Rc7 Rd7 20. Rfc1 Rad8 21. Ne5 Rxc7 22. Rxc7 Qxf4 23. Nxf4 Rc8 24. Rxe7 Rc1+ 25. Bf1 Bb5 26. Nfd3 Ng6 27. Nxc1 1-0


[Site "https://www.chess.com"]

[Event "Titled Tuesday Blitz November 01 Early 2022"]
[White "Wieczorek, Oskar"]
[Black "Kamsky, Gata"]
[WhiteFideId "1133950"]
[BlackFideId "2000024"]
[WhiteElo "2404"]
[BlackElo "2666"]
[Result "0-1"]
[Round "07"]
[TimeControl "180+1"]
[Date "2022.11.01"]
[WhiteClock "0:00:06"]
[BlackClock "0:00:14"]

1. e4 e5 2. Nf3 Nc6 3. Nc3 Nf6 4. h3 Bb4 5. Nd5 Bc5 6. c3 Nxe4 7. d4 exd4 8. Bd3 Nf6 9. Nxf6+ Qxf6 10. O-O O-O 11. Ng5 g6 12. Ne4 Qe5 13. Bh6 Be7 14. Re1 d5 15. Ng5 Qf6 16. cxd4 Rd8 17. Re3 Bf8 18. Rf3 Bf5 19. Bxf5 Bxh6 20. Be6 Qxg5 21. Rxf7 Kh8 22. Rxc7 Bg7 23. Rxb7 Qf6 24. Bg4 Nxd4 0-1


[Site "https://www.chess.com"]

[Event "Titled Tuesday Blitz November 01 Early 2022"]
[White "Yeletsky, Ivan"]
[Black "Garayev, Kanan"]
[WhiteFideId "24180327"]
[BlackFideId "13406671"]
[WhiteElo "2391"]
[BlackElo "2244"]
[Result "1-0"]
[Round "07"]
[TimeControl "180+1"]
[Date "2022.11.02"]
[WhiteClock "0:00:20"]
[BlackClock "0:00:09"]

1. Nf3 Nf6 2. g3 g6 3. Bg2 Bg7 4. d3 O-O 5. O-O d5 6. Bf4 c5 7. c4 Nc6 8. Ne5 Nxe5 9. Bxe5 Be6 10. Qb3 Qd7 11. Nc3 d4 12. Na4 b6 13. Bxa8 Rxa8 14. Qc2 Bh3 15. Rfe1 Qc6 16. f3 Bh6 17. e4 dxe3 18. Nc3 Nd7 19. Nd5 Kf8 20. Bf4 Bxf4 21. Nxf4 Bf5 22. Rxe3 Nf6 23. Rae1 Rd8 24. Qc3 Rd4 25. Ne2 Qd6 26. Qd2 Rxc4 27. b3 Rb4 28. Nc3 e6 29. Qf2 h5 30. Ne4 Qd4 31. Ng5 Nd5 32. R3e2 Nc3 33. Rd2 Kg7 34. Ne4 Nd5 35. Nd6 Bh3 36. Re4 Qa1+ 37. Qe1 Qxe1+ 38. Rxe1 Rd4 39. Nb5 Rb4 40. Nd6 Ne7 41. Re4 Nd5 42. Kf2 Rd4 43. Rxd4 cxd4 44. Nc4 Bf5 45. a3 g5 46. b4 g4 47. Nd6 Kf6 48. f4 Bg6 49. Nc4 Nc3 50. Ne5 Bf5 51. Nc6 a6 52. Nxd4 Nb1 53. Rb2 Nxa3 54. Rb3 Nb5 55. Nxb5 axb5 56. Ke3 Ke7 57. Rc3 Kd6 58. Kd4 Bg6 59. Ra3 Bf5 60. Ra6 Kc7 61. Ra7+ Kd6 62. Rxf7 Kc6 63. Rf6 Kd6 64. Rh6 Ke7 65. Rxh5 Kf8 66. Rh8+ Kg7 67. Rb8 Kf6 68. Rxb6 Ke7 69. Ke5 Kd7 70. Rd6+ Ke7 71. d4 Bd3 72. Rxe6+ Kd7 73. d5 Bc4 74. Rd6+ Kc7 75. f5 Bd3 76. Rc6+ Kd7 77. Rc5 Bc4 78. d6 Kd8 79. Rc7 Ke8 80. f6 Kd8 81. f7 Bxf7 82. Rxf7 Ke8 83. Ke6 Kd8 84. Rf8# 1-0


[Site "https://www.chess.com"]